 Dungeon Crawl Stone Soup version 0.20.0-6-gd3061e9 (webtiles) character file.

46 Monsterracer the Cudgeler (level 3, 0/23 HPs)
             Began as a Gargoyle Fighter on May 28, 2017.
             Slain by an orc wizard
             ... wielding a +0 dagger
              (2 damage)
             ... on level 2 of the Dungeon.
             The game lasted 00:02:32 (1339 turns).

Monsterracer the Cudgeler (Gargoyle Fighter)        Turns: 1339, Time: 00:02:33

Health: 0/23       AC:  9    Str: 18 (19) XL:     3   Next: 68%
Magic:  3/3        EV:  8    Int:  5 (8)  God:
Gold:   87         SH:  8    Dex:  8 (10) Spells: 2/2 levels left

rFire    . . .     SeeInvis .   a - +0 flail
rCold    . . .     Gourm    .   c - +0 shield
rNeg     + . .     Faith    .   k - -1 ring mail (curse)
rPois    ∞         Spirit   .   (no helmet)
rElec    +         Reflect  .   (no cloak)
rCorr    .         Harm     .   e - +0 pair of gloves
MR       .....                  (no boots)
Stlth    ..........             (no amulet)
Regen    0.1/turn               (no ring)
MPRegen  0.1/turn               (no ring)

@: no status effects
A: mutation resistance 1, negative energy resistance 1, electricity resistance,
unbreathing, petrification resistance, rot immunity, AC +3
a: no special abilities


You were on level 2 of the Dungeon.
You were hungry.

You visited 1 branch of the dungeon, and saw 2 of its levels.

You collected 87 gold pieces.

Inventory:

Hand Weapons
 a - a +0 flail (weapon)
Armour
 b - a +0 scale mail
 c - a +0 shield (worn)
 e - a +0 pair of gloves (worn)
 k - a cursed -1 ring mail (worn)
Potions
 d - a potion of might
 h - a potion of curing
 j - a potion of flight
Comestibles
 f - 2 bread rations
 g - 2 meat rations
 i - a chunk of flesh


   Skills:
 - Level 3.2 Fighting
 + Level 3.9 Maces & Flails
 - Level 3.2 Armour
 - Level 3.2 Shields


You had 2 spell levels left.
You didn't know any spells.

Dungeon Overview and Level Annotations

Branches:
Dungeon (2/15)

Altars:


Innate Abilities, Weirdness & Mutations

You are resistant to torment.
Your stone body is resilient. (AC +3)
You are immune to poison.
You resist negative energy. (rN+)
You are resistant to electric shocks. (rElec)
You can survive without breathing.
You are immune to petrification.
You are immune to rotting.
You are somewhat resistant to further mutation.


Message History

You hear some strange, mumbled words.
A magic dart appears from out of thin air!
The magic dart hits you! Something hits you.
You miss something. You block something's attack.
You closely miss something. Something hits you but does no damage.
You miss something.
The orc priest calls upon Beogh to heal the orc.
The orc's wounds heal themselves!
Something hits you but does no damage.
You miss something. Something hits you but does no damage.
You block something's attack.
You barely miss something.
You hear some strange, mumbled words.
Something tries to affect you, but you resist.
You closely miss something.
The orc priest calls down the wrath of Beogh upon you.
Beogh smites you!
* * * LOW HITPOINT WARNING * * *
Something hits you but does no damage.
You closely miss something. Something hits you.
You die...

#.# #........###....<# #.#
##.........##.....# #.#
#..........o#.....# #.#
#..........⌠#.....# #.#
#..........$#.)...# #.#
#..........##.#...... #.#
#...{.....###.#####.# #.#
#..#########..# .#
#.##########.oo.@.......##
#............############
..###.########
..#..........
..#.#.####### .>#.#.#
....#.# ##..#.# #..#.#


You could see an orc priest and an orc.

Vanquished Creatures
  An ooze (D:1)
  3 dart slugs (D:1)
  A leopard gecko (D:1)
  8 goblins
  7 hobgoblins
  A ball python (D:1)
  4 bats
  3 frilled lizards
  4 kobolds (D:1)
  2 rats
34 creatures vanquished.

Notes
Turn   | Place    | Note
-------+----------+-------------------------------------------
     0 | D:1      | Monsterracer the Gargoyle Fighter began the quest for the Orb.
     0 | D:1      | Reached XP level 1. HP: 14/14 MP: 1/1
   307 | D:1      | Reached XP level 2. HP: 19/19 MP: 2/2
   641 | D:1      | Reached XP level 3. HP: 23/23 MP: 3/3
  1195 | D:2      | Gained mutation: You have a pair of small horns on your head. [potion of mutation]
  1195 | D:2      | Gained mutation: You are somewhat resistant to further mutation. [potion of mutation]
  1195 | D:2      | Lost mutation: You have a pair of small horns on your head. [potion of mutation]
  1339 | D:2      | Slain by an orc wizard

Skill      XL: |  1  2 |
---------------+-------+-----
Maces & Flails | 3 |  3.9
Fighting       | |  3.2
Armour         | |  3.2
Shields        | |  3.2

Action                   || total
-------------------------++-------
Melee: Flail             ||   134
  Use: Potion            ||     6
       Scroll            ||     3
 Stab: Invisible         ||     1
  Eat: Chunk             ||     1
Armor: Scale mail        ||    14
       Ring mail         ||    57
Dodge: Dodged            ||    33
Block: Shield            ||    60
